 Dungeon Sprint DCSS version 0.24-a0-269-g32ec7ca (webtiles) character file.

Game seed: 6109948116190272631

26477 Arthanis the Devastator (level 12, 0/99 HPs)
             Began as a Deep Elf Air Elementalist on Apr 22, 2019.
             Was a High Priest of Sif Muna.
             Succumbed to an emperor scorpion's poison
             ... in the Dungeon (Sprint IX: "|||||||||||||||||||||||||||||").
             The game lasted 00:12:03 (2345 turns).

Arthanis the Devastator (Deep Elf Air Elementalist) Turns: 2345, Time: 00:12:04

Health: 0/99       AC: 14    Str: 10    XL:     12   Next: 98%
Magic:  17/36      EV: 21    Int: 26    God:    Sif Muna [*****.]
Gold:   1246       SH:  6    Dex: 19    Spells: 26/47 levels left

rFire    . . .     SeeInvis +   B - +5 falchion "Gieppug" {slice, Dex+4}
rCold    . . .     Gourm    .   I - +0 buckler "Qagh" {rElec Regen+ Slay-5 SInv Stlth+} (curse)
rNeg     . . .     Faith    .   C - +3 leather armour {rPois}
rPois    +         Spirit   .   z - +0 helmet
rElec    +         Reflect  .   D - +2 cloak {MR+}
rCorr    .         Harm     .   A - +0 pair of gloves
MR       ++...     NoTele   +   (no boots)
Stlth    ..........             (no amulet)
HPRegen  0.66/turn              b - +2 ring of evasion
MPRegen  0.25/turn              r - +2 ring of protection

@: berserking, lethally poisoned (0 -> -2), very slightly contaminated, very
quick
A: no striking features
a: Divine Energy, Channel Magic, Forget Spell, Renounce Religion


You were in the Dungeon.
You worshipped Sif Muna.
Sif Muna was extremely pleased with you.
You were not hungry.

You visited 1 branch You collected 1913 gold pieces.
You spent 667 gold pieces at shops.

Inventory:

Hand Weapons
 j - a +0 club
 o - a +2 halberd of venom
 p - a +2 scimitar of flaming
 B - the +5 falchion "Gieppug" (weapon) {slice, Dex+4}
   (You bought it in a shop in the Dungeon)

   It inflicts extra damage upon your enemies.
   It affects your dexterity (+4).
Armour
 a - a +0 robe
 q - a +0 cloak
 z - a +0 helmet (worn)
 A - a +0 pair of gloves (worn)
 C - a +3 leather armour of poison resistance (worn)
 D - a +2 cloak of magic resistance (worn)
 H - a +1 pair of boots
 I - the cursed +0 buckler "Qagh" (worn) {rElec Regen+ Slay-5 SInv Stlth+}
   (You found it in the Dungeon)

   It affects your accuracy and damage with ranged weapons and melee attacks
   (-5).
   It insulates you from electricity.
   It lets you see invisible.
   It increases your rate of regeneration.
   It makes you more stealthy.
   It has a curse placed upon it.
Magical Staves
 n - an uncursed staff of energy
Jewellery
 b - a +2 ring of evasion (left hand)
 r - a +2 ring of protection (right hand)
 x - an uncursed ring of protection from cold
 y - a +3 ring of protection
 E - an uncursed ring of protection from magic
 F - an uncursed ring of ice
 G - an uncursed ring of see invisible
Wands
 m - a wand of acid (3)
Scrolls
 k - 4 scrolls of remove curse
 l - 3 scrolls of amnesia
 u - 8 scrolls of enchant armour
 v - 4 scrolls of enchant weapon
 w - a scroll of fear
 K - a scroll of fog
Potions
 d - 5 potions of curing
 e - 3 potions of heal wounds
 f - 2 potions of haste
 g - 4 potions of magic
 h - 4 potions of might
 s - a potion of agility
 t - a potion of mutation
Comestibles
 c - 10 rations
 L - 2 chunks of flesh


   Skills:
 - Level 4.1 Fighting
 - Level 4.0 Armour
 + Level 9.7 Dodging
 - Level 2.4 Stealth
 - Level 4.2 Shields
 + Level 18.2 Spellcasting
 * Level 20.7 Conjurations
 - Level 12.0 Air Magic
 - Level 14.0 Invocations
 - Level 12.4 Evocations


You had 26 spell levels left.
You knew the following spells:

 Your Spells              Type           Power        Failure   Level  Hunger
a - Shock                 Conj/Air       ####         0%          1    None
b - Lightning Bolt        Conj/Air       #######...   1%          5    None
c - Deflect Missiles      Chrm/Air       ######....   34%         6    ###....
d - Summon Lightning Spi  Summ/Air       ######..     2%          4    None
e - Bolt of Magma         Conj/Fire/Erth ######....   4%          5    None

Your spell library contained the following spells:

 Spells                   Type           Power        Failure   Level  Hunger
 Static Discharge         Conj/Air       #######.     0%          3    None
 Iskenderun's Mystic Bla  Conj           #######.     0%          4    None
 Flame Tongue             Conj/Fire      #####        1%          1    None
 Sting                    Conj/Pois      ####         1%          1    None
 Swiftness                Chrm/Air       ######..     1%          2    None
 Throw Frost              Conj/Ice       ######       1%          2    None
 Dazzling Spray           Conj/Hex       ######       1%          3    None
 Stone Arrow              Conj/Erth      ######       1%          3    None
 Airstrike                Air            ######....   1%          4    None
 Force Lance              Conj/Tloc      ######..     1%          4    None
 Fulminant Prism          Conj/Hex       ######....   1%          4    None
 Irradiate                Conj/Tmut      ######....   1%          5    None
 Conjure Ball Lightning   Conj/Air       #######...   1%          6    ###....
 Blink                    Tloc           N/A          4%          2    None
 Call Imp                 Summ           ###.....     4%          2    None
 Sticks to Snakes         Tmut           ###.....     4%          2    None
 Bolt of Cold             Conj/Ice       ######....   5%          6    ###....
 Bolt of Fire             Conj/Fire      ######....   5%          6    ###....
 Iron Shot                Conj/Erth      ######....   5%          6    ###....
 Poison Arrow             Conj/Pois      ######....   5%          6    ###....
 Silence                  Hex/Air        ######....   6%          5    None
 Ignite Poison            Fire/Tmut/Pois ###.....     8%          3    None
 Chain Lightning          Conj/Air       #######...   21%         8    ######.
 Cause Fear               Hex            ###.......   26%         4    None
 Ice Form                 Ice/Tmut       ###.....     26%         4    None
 Leda's Liquefaction      Hex/Erth       ###.......   26%         4    None
 Petrify                  Tmut/Erth      ###.....     26%         4    None
 Alistair's Intoxication  Tmut/Pois      ###.....     58%         5    None
 Blade Hands              Tmut           ###.......   58%         5    None
 Lehudib's Crystal Spear  Conj/Erth      ######....   94%         8    ######.
 Hydra Form               Tmut           ###.......   99%         6    ###....
 Dragon Form              Tmut           ###.......   100%        7    #####..
 Malign Gateway           Summ/Tloc      ###.......   100%        7    #####..
 Summon Hydra             Summ           ###.......   100%        7    #####..
 Disjunction              Tloc           ###.......   100%        8    ######.
 Dragon's Call            Summ           ###.......   100%        9    #######
 Tornado                  Air            ######....   100%        9    #######


Dungeon Overview and Level Annotations

Branches:
Dungeon (1/1)

Altars:
Cheibriados
Dithmenos
Elyvilon
Fedhas
Gozag
Hepliaklqana
Kikubaaqudgha
Makhleb
Nemelex Xobeh
Okawaru
Qazlal
Ru
Sif Muna
Trog
Uskayaw
Vehumet
Wu Jian
Xom
Yredelemnul
Zin
The Shining One
Beogh
Jiyva
Lugonu

Shops:
D ([((


Message History

The spark wasp stings you! The spark wasp shocks you. You resist.
You miss the spark wasp.
The spark wasp bursts into living lightning!
The living lightning hits the spark wasp.
The spark wasp completely resists.
The living lightning hits you. You resist.
The spark wasp blinks!
The spark wasp stings you!!
* * * LOW HITPOINT WARNING * * *
The spark wasp shocks you. You resist.
* * * LOW HITPOINT WARNING * * *
The spark wasp stings you!
* * * LOW HITPOINT WARNING * * *
The spark wasp shocks you. You resist.
* * * LOW HITPOINT WARNING * * *
You slash the spark wasp!
The spark wasp is lightly wounded.
* * * LOW HITPOINT WARNING * * *
You feel sick. The spark wasp misses you. x2
You closely miss the spark wasp.
The spark wasp is lightly wounded.
You die...

▓)▓.▓.▓.▓.▓.▓.▓.▓.
▓)▓.▓.▓.▓'▓.▓(▓.▓.
▓.▓.▓.▓.▓)▓.▓)▓.▓.
▓§▓.▓)▓.▓)▓.▓.▓.▓.
▓.▓.▓)▓.▓)▓.▓.▓.▓'
▓.▓.▓)▓.▓.▓.▓.▓.▓_
▓.▓.▓)▓.▓.▓.▓.▓.▓_
▓y▓.▓)▓.▓)▓.▓.▓.▓_
▓@▓.▓)▓.▓)▓.▓.▓.▓_
▓y▓.▓)▓.▓)▓.▓'▓.▓_
▓.▓.▓)▓.▓.▓.▓÷▓.▓_
▓.▓.▓.▓.▓.▓.▓†▓.▓_
▓.▓.▓[▓.▓.▓.▓.▓.▓_
▓†▓.▓[▓.▓.▓.▓†▓.▓_
▓†▓.▓[▓.▓.▓.▓†▓.▓_
▓†▓.▓[▓.▓)▓.▓.▓.▓_
▓.▓.▓.▓.▓)▓.▓.▓.▓_


You could see 2 spark wasps.

Vanquished Creatures
  Aizul (D)
  An emperor scorpion (D)
  Josephine (D)
  A hydra (D)
  An ogre mage (D)
  An anaconda (D)
  A two-headed ogre (D)
  6 orc high priests (D)
  Urug (D)
  2 shock serpents (D)
  A tengu warrior (D)
  A skeletal warrior (D)
  A naga ritualist (D)
  An unseen horror (D)
  7 orc knights (D)
  A necromancer (D)
  A wolf spider (D)
  An orc sorcerer (D)
  2 ugly things (D)
  2 guardian serpents (D)
  A naga mage (D)
  2 spiny frogs (D)
  3 yaktaurs (D)
  A komodo dragon (D)
  A rime drake (D)
  A hippogriff (D)
  A tarantella (D)
  3 redbacks (D)
  A yak (D)
  A shadow (D)
  4 wraiths (D)
  A wyvern (D)
  A vampire mosquito (D)
  4 wargs (D)
  A naga (D)
  6 porcupines (D)
  11 orc warriors (D)
  A boggart (D)
  5 wolves (D)
  2 crocodiles (D)
  A centaur (D)
  5 bullfrogs (D)
  A quasit (D)
  4 orc priests (D)
  A hound (D)
  4 orc wizards (D)
  An iguana (D)
  2 worker ants (D)
  A shadow imp (D)
  An ooze (D)
  An adder zombie (D)
  A dart slug (D)
  5 orcs (D)
  2 bat zombies (D)
  A goblin (D)
  A hobgoblin (D)
  A ball python zombie (D)
  A bat (D)
  A rat (D)
120 creatures vanquished.

Vanquished Creatures (collateral kills)
  A naga warrior (D)
  An orc knight (D)
  A demonic crawler (D)
  A wraith (D)
4 creatures vanquished.

Vanquished Creatures (others)
  A leopard gecko (D)
1 creature vanquished.

Grand Total: 125 creatures vanquished

Notes
Turn   | Place    | Note
-------+----------+-------------------------------------------
     0 | D        | Arthanis the Deep Elf Air Elementalist began the quest for
                  | the Orb.
     0 | D        | Reached XP level 1. HP: 10/10 MP: 6/6
     6 | D        | Reached skill level 2 in Conjurations
   167 | D        | Noticed a worker ant
   167 | D        | Noticed an orc wizard
   167 | D        | Noticed an iguana
   170 | D        | Reached XP level 2. HP: 15/15 MP: 4/8
   171 | D        | Reached skill level 4 in Conjurations
   171 | D        | Reached XP level 3. HP: 19/19 MP: 3/11
   171 | D        | Reached skill level 5 in Air Magic
   178 | D        | Reached skill level 5 in Spellcasting
   178 | D        | Reached skill level 5 in Conjurations
   179 | D        | Reached XP level 4. HP: 22/24 MP: 1/13
   186 | D        | Found a roughly hewn altar of Beogh.
   186 | D        | Found a snail-covered altar of Cheibriados.
   186 | D        | Found a shadowy altar of Dithmenos.
   186 | D        | Found a white marble altar of Elyvilon.
   186 | D        | Found a blossoming altar of Fedhas.
   186 | D        | Found an opulent altar of Gozag.
   187 | D        | Found a hazy altar of Hepliaklqana.
   188 | D        | Found a viscous altar of Jiyva.
   189 | D        | Found an ancient bone altar of Kikubaaqudgha.
   190 | D        | Found a corrupted altar of Lugonu.
   191 | D        | Found a burning altar of Makhleb.
   192 | D        | Found a sparkling altar of Nemelex Xobeh.
   193 | D        | Found an iron altar of Okawaru.
   194 | D        | Found a stormy altar of Qazlal.
   195 | D        | Found a sacrificial altar of Ru.
   196 | D        | Found a deep blue altar of Sif Muna.
   197 | D        | Found a bloodstained altar of Trog.
   198 | D        | Found a hide-covered altar of Uskayaw.
   199 | D        | Found a radiant altar of Vehumet.
   200 | D        | Found an ornate altar of the Wu Jian Council.
   201 | D        | Found a shimmering altar of Xom.
   202 | D        | Found a basalt altar of Yredelemnul.
   203 | D        | Found a glowing silver altar of Zin.
   204 | D        | Became a worshipper of Sif Muna the Loreminder
   205 | D        | Found a glowing golden altar of the Shining One.
   283 | D        | Noticed a centaur
   283 | D        | Noticed a wyvern
   288 | D        | Reached skill level 6 in Conjurations
   289 | D        | Reached skill level 1 in Invocations
   290 | D        | Killed a centaur
   290 | D        | Reached * piety under Sif Muna
   290 | D        | Reached skill level 7 in Conjurations
   290 | D        | Reached XP level 5. HP: 26/28 MP: 9/16
   292 | D        | Killed a wyvern
   292 | D        | Reached ** piety under Sif Muna
   292 | D        | Reached skill level 8 in Conjurations
   292 | D        | Reached skill level 5 in Evocations
   292 | D        | Reached XP level 6. HP: 30/32 MP: 7/18
   317 | D        | Noticed a vampire mosquito
   317 | D        | Noticed a two-headed ogre
   325 | D        | Killed a vampire mosquito
   325 | D        | Reached *** piety under Sif Muna
   325 | D        | Reached skill level 9 in Conjurations
   325 | D        | Reached XP level 7. HP: 34/36 MP: 5/20
   328 | D        | Killed a two-headed ogre
   328 | D        | Reached **** piety under Sif Muna
   328 | D        | Reached skill level 10 in Conjurations
   328 | D        | Reached skill level 10 in Air Magic
   328 | D        | Reached skill level 5 in Invocations
   328 | D        | Reached XP level 8. HP: 27/41 MP: 4/23
   333 | D        | Killed an unseen horror
   333 | D        | Reached ***** piety under Sif Muna
   333 | D        | Reached skill level 10 in Spellcasting
   333 | D        | Reached skill level 11 in Conjurations
   351 | D        | Noticed Urug
   557 | D        | Learned a level 5 spell: Lightning Bolt
   582 | D        | Killed Urug
   582 | D        | Identified Suxket's Collected Works on Blistering
                  | Confrontation (Sif Muna gifted it to you in the Dungeon)
   582 | D        | Received a gift from Sif Muna
   582 | D        | Reached skill level 10 in Evocations
   582 | D        | Reached XP level 9. HP: 24/45 MP: 14/25
   855 | D        | Reached skill level 12 in Conjurations
   880 | D        | Noticed a six-headed hydra
   880 | D        | Noticed a komodo dragon
   881 | D        | Identified Sif Muna's Incunabulum of the Floating Traveller
                  | (Sif Muna gifted it to you in the Dungeon)
   881 | D        | Received a gift from Sif Muna
   881 | D        | Noticed a rime drake
   882 | D        | Reached skill level 13 in Conjurations
   882 | D        | Noticed a spiny frog
   883 | D        | Killed a komodo dragon
   884 | D        | Killed a six-headed hydra
   884 | D        | Reached XP level 10. HP: 50/50 MP: 15/28
   884 | D        | Noticed a spiny frog
   888 | D        | Killed a spiny frog
   888 | D        | Reached skill level 14 in Conjurations
   890 | D        | Killed a spiny frog
  1095 | D        | Learned a level 6 spell: Deflect Missiles
  1128 | D        | Identified Sif Muna's Compendium of Attacks (Sif Muna
                  | gifted it to you in the Dungeon)
  1128 | D        | Received a gift from Sif Muna
  1135 | D        | Reached skill level 10 in Invocations
  1279 | D        | Reached skill level 15 in Conjurations
  1295 | D        | Received a gift from Sif Muna
  1326 | D        | Noticed an orc high priest
  1330 | D        | Killed an orc high priest
  1334 | D        | Reached skill level 16 in Conjurations
  1334 | D        | Reached XP level 11. HP: 44/54 MP: 23/31
  1337 | D        | Noticed an orc sorcerer
  1340 | D        | Killed an orc sorcerer
  1344 | D        | Identified Fuffon's Tome of Harmful Feathers (Sif Muna
                  | gifted it to you in the Dungeon)
  1344 | D        | Received a gift from Sif Muna
  1353 | D        | Learned a level 4 spell: Summon Lightning Spire
  1387 | D        | Found Podin's Weapon Emporium.
  1387 | D        | Noticed an orc knight
  1387 | D        | Noticed an orc high priest
  1387 | D        | Noticed an orc high priest
  1387 | D        | Noticed an orc knight
  1387 | D        | Noticed an orc knight
  1388 | D        | Noticed an orc high priest
  1389 | D        | Killed an orc knight
  1389 | D        | Killed an orc high priest
  1389 | D        | Killed an orc high priest
  1389 | D        | Reached skill level 17 in Conjurations
  1390 | D        | Killed an orc knight
  1390 | D        | Reached skill level 15 in Spellcasting
  1391 | D        | Noticed an orc knight
  1393 | D        | Killed an orc high priest
  1394 | D        | Noticed an orc knight
  1397 | D        | Noticed an orc high priest
  1401 | D        | Killed an orc knight
  1401 | D        | Identified Sif Muna's Catalogue of Intoxication and the
                  | Escort (Sif Muna gifted it to you in the Dungeon)
  1401 | D        | Received a gift from Sif Muna
  1401 | D        | Killed an orc high priest
  1401 | D        | Killed an orc knight
  1401 | D        | Reached skill level 18 in Conjurations
  1401 | D        | Noticed an orc knight
  1402 | D        | Killed an orc knight
  1406 | D        | Killed an orc knight
  1409 | D        | Noticed an orc knight
  1412 | D        | Noticed an orc knight
  1413 | D        | Killed an orc knight
  1413 | D        | Killed an orc knight
  1413 | D        | Reached skill level 1 in Fighting
  1413 | D        | Noticed an orc high priest
  1416 | D        | Killed an orc high priest
  1472 | D        | Found Dutei's Armour Shoppe.
  1476 | D        | Found Lyse's Antique Weapon Emporium.
  1480 | D        | Found Unwamara's Weapon Shoppe.
  1487 | D        | Bought a translucent falchion for 200 gold pieces
  1493 | D        | Bought a +3 leather armour of poison resistance for 231
                  | gold pieces
  1493 | D        | Bought a +2 cloak of magic resistance for 236 gold pieces
  1608 | D        | Noticed Josephine
  1610 | D        | Killed Josephine
  1610 | D        | Identified Sif Muna's Incunabulum of Snow and Hexes (Sif
                  | Muna gifted it to you in the Dungeon)
  1610 | D        | Received a gift from Sif Muna
  1610 | D        | Reached skill level 1 in Armour
  1618 | D        | Reached XP level 12. HP: 64/64 MP: 19/34
  1773 | D        | Got the cursed +0 buckler "Qagh" {rElec Regen+ Slay-5 SInv
                  | Stlth+}
  1808 | D        | Reached skill level 5 in Dodging
  1808 | D        | Reached skill level 1 in Shields
  1810 | D        | Reached skill level 19 in Conjurations
  1810 | D        | Noticed an ogre mage
  1812 | D        | Killed an ogre mage
  1815 | D        | Reached ****** piety under Sif Muna
  1815 | D        | Identified Sif Muna's Handbook of Unstable Clay (Sif Muna
                  | gifted it to you in the Dungeon)
  1815 | D        | Received a gift from Sif Muna
  1820 | D        | Noticed a tengu warrior
  1827 | D        | Killed a tengu warrior
  1837 | D        | Learned a level 5 spell: Bolt of Magma
  1986 | D        | Noticed Aizul
  2003 | D        | Killed Aizul
  2075 | D        | Noticed a naga warrior
  2084 | D        | Killed a naga warrior
  2120 | D        | Identified Sif Muna's Handbook of Ashen Moulding (Sif Muna
                  | gifted it to you in the Dungeon)
  2120 | D        | Received a gift from Sif Muna
  2142 | D        | Reached skill level 20 in Conjurations
  2300 | D        | Noticed an anaconda
  2305 | D        | Killed an anaconda
  2322 | D        | Noticed an emperor scorpion
  2322 | D        | Noticed a spark wasp
  2326 | D        | Noticed a spark wasp
  2337 | D        | Killed an emperor scorpion
  2337 | D        | Received a gift from Sif Muna
  2341 | D        | Identified the +5 falchion "Gieppug" {slice, Dex+4} (You
                  | bought it in a shop in the Dungeon)
  2343 | D        | HP: 1/99 [spark wasp (4)]
  2345 | D        | Succumbed to an emperor scorpion's poison

Levels and vault maps discovered:
D:        linesprint [early_d, line_temple, items_1, d_10, items_2, lair_1,
          lair_end, items_3, orc_1, orc_end, items_4, d_15, swamp_1, shoals_1,
          snake_1, spider_1, d_20, vaults_1, items_5, swamp_end, shoals_end,
          snake_end, spider_end, vaults_end, d_27, items_6, zot_1, zot_end,
          crypt_end, forest_end, elf_end, slime_end, tomb_end, abyss_end,
          pan_hell_end]

Skill      XL: |  1  2  3  4  5  6  7  8  9 10 11 12 |
---------------+-------------------------------------+-----
Conjurations   | 2 4 5 7 8 9 10 11 13 16 18 20 | 20.7
Spellcasting   | 4 5 6 7 8 9 10 12 14 16 18 | 18.2
Air Magic      | 4 6 7 8 9 10 11 12 | 12.0
Invocations    | 2 3 4 5 7 8 11 13 14 | 14.0
Evocations     | 3 5 6 8 10 12 | 12.4
Dodging        | 4 9 |  9.7
Fighting       | 2 4 |  4.1
Armour         | 1 4 |  4.0
Shields        | 4 |  4.2
Stealth        | |  2.4

Action                   |  1- 3 |  4- 6 |  7- 9 | 10-12 || total
-------------------------+-------+-------+-------+-------++-------
Melee: Club              |     4 |       |       |       ||     4
       Staff             |       |       |     1 |       ||     1
       Falchion          |       |       |       |     4 ||     4
 Cast: Shock             |    11 |    19 |     2 |       ||    32
       Lightning Bolt    |       |       |    11 |   116 ||   127
       Deflect Missiles  |       |       |       |     1 ||     1
       Summon Lightning  |       |       |       |     9 ||     9
       Bolt of Magma     |       |       |       |    12 ||    12
Invok: Channel Magic     |       |       |     2 |    21 ||    23
Evoke: Staff of energy   |       |     3 |       |     3 ||     6
       Wand              |       |       |     4 |     3 ||     7
  Use: Potion            |     1 |     1 |       |     3 ||     5
       Scroll            |       |       |       |     2 ||     2
  Eat: Chunk             |       |       |     1 |     8 ||     9
       Ration            |       |       |       |     1 ||     1
Armor: Robe              |     2 |     2 |     2 |       ||     6
       Leather armour    |       |       |       |    14 ||    14
Dodge: Dodged            |     7 |     4 |     2 |    35 ||    48
       Deflected         |       |       |       |     6 ||     6
Block: Buckler           |       |       |       |     5 ||     5

Table legend:
 A = Non-vault XP
 B = Vault XP
 C = Vault XP percentage of total XP
 D = Non-vault monster count
 E = Vault monster count
 F = Vault count percentage of total count
                 A         B        C        D         E       F
            +---------+---------+-------+---------+---------+-------
      Total |       0 |   37825 | 100.0 |       0 |     125 | 100.0
            +---------+---------+-------+---------+---------+-------
          D |       0 |   37825 | 100.0 |       0 |     125 | 100.0
            +---------+---------+-------+---------+---------+-------
